 Dungeon Crawl Stone Soup version 0.29-a0-542-g075992c915 (webtiles) character file.

Game seed: 16372952520910363484

6979 MechDurjaeses the Thaumaturge (level 11, -4/81 HPs)
             Began as a Gnoll Hedge Wizard on June 3, 2022.
             Was an Elder of Cheibriados.
             Slain by a freezing wraith (11 damage)
             ... on level 10 of the Dungeon.
             The game lasted 00:57:32 (11589 turns).

MechDurjaeses the Thaumaturge (Gnoll Hedge Wizard) Turns: 11589, Time: 00:57:34

Health: -4/81      AC: 11    Str: 21    XL:     11   Next: 8%
Magic:  23/24      EV: 17    Int: 35    God:    Cheibriados [****..]
Gold:   601        SH:  5    Dex: 21    Spells: 1/28 levels left

rFire   + . .      SeeInvis .   y - +10 morningstar of Soalikk {venom, rPois rF+}
rCold   . . .      Faith    .   (no shield)
rNeg    . . .      Spirit   .   x - +1 leather armour "Jemim" {Regen+ Int+2}
rPois   +          Reflect  +   c - +0 hat
rElec   .          Harm     .   (no cloak)
rCorr   .          Rampage  .   m - +2 pair of gloves
Will    +....                   t - +2 pair of boots
Stlth   ++++......              r - amulet of reflection
HPRegen 1.03/turn               n - ring of willpower
MPRegen 0.19/turn               v - +6 ring of intelligence

@: slowed, very slow
A: fangs 1, strong nose, distributed training
a: Renounce Religion, Bend Time, Temporal Distortion, Slouch


You were on level 10 of the Dungeon.
You worshipped Cheibriados.
Cheibriados was greatly pleased with you.
You visited 2 branches of the dungeon, and saw 11 of its levels.

You collected 601 gold pieces.

Inventory:

Hand Weapons
 y - the +10 morningstar of Soalikk (weapon) {venom, rPois rF+}
   (You found it on level 7 of the Dungeon)

   It poisons the flesh of those it strikes.
   rF:        It protects you from fire.
   rPois:     It protects you from poison.
Missiles
 g - 9 javelins
 j - 13 poisoned darts
 s - 172 stones
 E - 2 curare-tipped darts
 G - 6 atropa-tipped darts
Armour
 c - a +0 hat (worn)
 m - a +2 pair of gloves (worn)
 t - a +2 pair of boots (worn)
 x - the +1 leather armour "Jemim" (worn) {Regen+ Int+2}
   (You found it on level 6 of the Dungeon)

   Int:       It affects your intelligence (+2).
   Regen:     It increases your rate of health regeneration.
 B - a +0 tower shield
 H - +0 ice dragon scales
Jewellery
 n - a ring of willpower (left hand)
 q - an amulet of the acrobat
 r - an amulet of reflection (around neck)
 v - a +6 ring of intelligence (right hand)
Wands
 d - a wand of flame (1) (quivered)
 h - a wand of iceblast (34)
 J - a wand of paralysis (7)
Scrolls
 e - 4 scrolls of torment
 f - 5 scrolls of teleportation
 i - a scroll of amnesia
 k - 2 scrolls of enchant weapon
 w - 3 scrolls of brand weapon
 z - a scroll of immolation
 C - a scroll of fear
 K - a scroll of fog {unknown}
Potions
 a - a potion of mutation
 b - 2 potions of lignification {unknown}
 l - 3 potions of attraction {unknown}
 o - 3 potions of brilliance
 p - 4 potions of heal wounds
 u - 2 potions of degeneration {unknown}
 A - a potion of magic
 D - a potion of ambrosia
 F - a potion of flight {unknown}
 I - a potion of curing


   Skills:
 + Level 5.9 Fighting
 + Level 5.9 Short Blades
 + Level 5.9 Long Blades
 + Level 5.9 Axes
 + Level 5.9 Maces & Flails
 + Level 5.9 Polearms
 + Level 5.9 Staves
 + Level 5.9 Slings
 + Level 5.9 Bows
 + Level 5.9 Crossbows
 + Level 5.9 Throwing
 + Level 5.9 Armour
 + Level 7.6 Dodging
 + Level 7.3 Stealth
 + Level 5.9 Shields
 + Level 5.9 Unarmed Combat
 + Level 9.4 Spellcasting
 + Level 5.4 Conjurations
 + Level 4.9 Hexes
 + Level 5.4 Summonings
 + Level 4.9 Necromancy
 + Level 5.4 Translocations
 + Level 4.9 Transmutations
 + Level 4.9 Fire Magic
 + Level 4.9 Ice Magic
 + Level 4.9 Air Magic
 + Level 4.9 Earth Magic
 + Level 4.9 Poison Magic
 + Level 6.5 Invocations
 + Level 5.9 Evocations


You had one spell level left.
You knew the following spells:

 Your Spells              Type           Power      Damage    Failure   Level
a - Magic Dart            Conj           100%       1d8       1%          1
b - Slow                  Hex            100%       N/A       1%          1
c - Blink                 Tloc           100%       N/A       1%          2
d - Call Imp              Summ           53%        N/A       1%          2
e - Hailstorm             Conj/Ice       51%        3d11      3%          4
f - Mephitic Cloud        Conj/Pois/Air  51%        N/A       1%          3
g - Shock                 Conj/Air       100%       1d9       1%          1
h - Frozen Ramparts       Ice            100%       1d12      1%          3
i - Ensorcelled Hibernat  Hex/Ice        100%       N/A       1%          2
j - Vampiric Draining     Necr           50%        2d9       1%          3
k - Sting                 Tmut/Pois      100%       1d8       1%          1
l - Olgreb's Toxic Radia  Pois           50%        N/A       4%          4

Your spell library contained the following spells:

 Spells                   Type           Power      Damage    Failure   Level
 Freeze                   Ice            100%       1d11      1%          1
 Poisonous Vapours        Pois/Air       100%       N/A       1%          2
 Confusing Touch          Hex            50%        N/A       1%          3
 Conjure Flame            Conj/Fire      51%        6-21      1%          3
 Spider Form              Tmut/Pois      50%        N/A       1%          3
 Summon Guardian Golem    Hex/Summ       51%        N/A       1%          3
 Swiftness                Air            50%        N/A       1%          3
 Summon Ice Beast         Ice/Summ       51%        N/A       3%          4
 Airstrike                Air            25%        N/A       4%          4
 Anguish                  Hex/Necr       25%        N/A       4%          4
 Ice Form                 Ice/Tmut       50%        N/A       4%          4
 Malign Gateway           Summ/Tloc      26%        N/A       95%         7
 Orb of Destruction       Conj           26%        9d9       95%         7
 Spellforged Servitor     Conj/Summ      26%        N/A       95%         7
 Summon Horrible Things   Summ           26%        N/A       100%        8


Dungeon Overview and Level Annotations

Branches:
Dungeon (10/15)            Temple (1/1) D:4            Lair (0/6) D:9
    Orc (0/2) D:10

Altars:
Ashenzari
Cheibriados
Dithmenos
Elyvilon
Fedhas
Gozag
Hepliaklqana
Kikubaaqudgha
Makhleb
Nemelex Xobeh
Okawaru
Qazlal
Ru
Sif Muna
Trog
Uskayaw
Vehumet
Wu Jian
Xom
Yredelemnul
Zin
The Shining One

Shops:
D:4 [   D:7 (


Innate Abilities, Weirdness & Mutations

You have very sharp teeth.
Your uncanny sense of smell can sniff out nearby items.
Your experience applies equally to all skills.


Message History

The freezing wraith barely misses you.
You hit the freezing wraith. Your bite misses the freezing wraith.
The freezing wraith is severely damaged.
Your crimson imp blinks!
The freezing wraith hits you. The freezing wraith freezes you!!
The freezing wraith closely misses you.
Unknown command.
Casting: Call Imp (safe; 1% risk of failure)
Confirm with . or Enter, or press ? or * to list all spells.
Okay, then.
Aiming: Throw Flame
Press: ? - help, Q - select action, (/) - cycle Shift-Dir - straight line, f/p - freezing wraith
Aim: a freezing wraith (severely damaged, ally target, 74% to hit)
The puff of flame hits the freezing wraith!
The freezing wraith is burned terribly!
The freezing wraith is almost destroyed.
The freezing wraith misses you. You block the freezing wraith's attack.
Your crimson imp blinks!
The freezing wraith hits you. The freezing wraith freezes you!
The freezing wraith closely misses you.
Aiming: Throw Flame
Press: ? - help, Q - select action, (/) - cycle Shift-Dir - straight line, f/p - freezing wraith
Aim: a freezing wraith (almost destroyed, ally target, 74% to hit)
The puff of flame hits the freezing wraith but does no damage.
The freezing wraith is almost destroyed.
The freezing wraith completely misses you.
The freezing wraith hits you but does no damage.
Aiming: Throw Flame
Press: ? - help, Q - select action, (/) - cycle Shift-Dir - straight line, f/p - freezing wraith
Aim: a freezing wraith (almost destroyed, ally target, 74% to hit)
The puff of flame hits the freezing wraith but does no damage.
The freezing wraith is almost destroyed.
The freezing wraith hits you. The freezing wraith freezes you!
* * * LOW HITPOINT WARNING * * *
The freezing wraith hits you.
* * * LOW HITPOINT WARNING * * *
The freezing wraith drains your vigour!
You feel as though you will be slow longer.
The freezing wraith hits you!
You die...

.. ....# .# ....#
.. ...# # . ?5.#
..###.#..#
....#.#(.#
#....W..# #...@.#
..###.#.# ....#.#.#
# ∆ ........#.#
#######.#.#
##.##...#
###########.......#
..................#
#..........###...#


You could see a freezing wraith (ally target) and a friendly crimson imp
(summoned).

Vanquished Creatures
  A two-headed ogre (D:9)
  Erica (D:10)
  Pikel (D:8)
  A komodo dragon (D:9)
  Grinder (D:3)
  A wyvern (D:10)
  A wraith (D:10)
  5 yaks
  Menkaure (D:4)
  2 water moccasins
  4 orc warriors
  A sky beast (D:6)
  2 ice beasts
  2 black bears
  2 ogres (D:4)
  2 centaurs
  A phantom (D:5)
  A gnoll sergeant (D:9)
  3 kobold brigands
  7 bullfrogs
  3 scorpions
  A jelly (D:6)
  8 killer bees (D:9)
  2 centaur zombies (D:4)
  3 hounds
  6 orc priests
  An iguana (D:6)
  5 orc wizards
  2 scorpion zombies (D:4)
  A howler monkey zombie (D:4)
  11 gnolls
  7 adders
  A white imp (D:7)
  2 ufetubi
  An adder zombie (D:4)
  2 worms
  2 dart slugs (D:1)
  17 orcs
  7 endoplasms
  10 goblins
  7 hobgoblins
  2 jackals (D:3)
  25 kobolds
  3 quokkas (D:1)
  5 ball pythons
  6 bats
  6 frilled lizards
  6 rats
192 creatures vanquished.

Vanquished Creatures (collateral kills)
  A sky beast (D:6)
  A hound (D:4)
  Ijyb (D:4)
  A hound zombie (D:4)
  A gnoll (D:4)
  An adder zombie (D:4)
  An adder skeleton (D:4)
  A dart slug (D:3)
  An orc (D:8)
  A ball python (D:2)
  A goblin (D:2)
  2 hobgoblins
13 creatures vanquished.

Vanquished Creatures (others)
  9 fungi (D:9)
  4 plants (D:9)
  A withered plant (D:4)
14 creatures vanquished.

Grand Total: 219 creatures vanquished

Notes
Turn   | Place    | Note
-------+----------+-------------------------------------------
     0 | D:1      | MechDurjaeses the Gnoll Hedge Wizard began the quest for
                  | the Orb.
     0 | D:1      | Reached XP level 1. HP: 13/13 MP: 8/8
     2 | D:1      | Learned a level 1 spell: Slow
   231 | D:1      | Reached XP level 2. HP: 19/19 MP: 6/10
   287 | D:1      | Learned a level 2 spell: Blink
   290 | D:1      | Learned a level 2 spell: Call Imp
   718 | D:1      | Reached XP level 3. HP: 25/25 MP: 8/11
  1388 | D:2      | Reached skill level 1 in Invocations
  1706 | D:2      | Reached skill level 1 in Fighting
  1706 | D:2      | Reached skill level 1 in Short Blades
  1706 | D:2      | Reached skill level 1 in Long Blades
  1706 | D:2      | Reached skill level 1 in Axes
  1706 | D:2      | Reached skill level 1 in Maces & Flails
  1706 | D:2      | Reached skill level 1 in Polearms
  1706 | D:2      | Reached skill level 1 in Staves
  1706 | D:2      | Reached skill level 1 in Slings
  1706 | D:2      | Reached skill level 1 in Bows
  1706 | D:2      | Reached skill level 1 in Crossbows
  1706 | D:2      | Reached skill level 1 in Throwing
  1706 | D:2      | Reached skill level 1 in Armour
  1706 | D:2      | Reached skill level 1 in Shields
  1706 | D:2      | Reached skill level 1 in Unarmed Combat
  1706 | D:2      | Reached skill level 1 in Evocations
  1997 | D:3      | Noticed Grinder
  2023 | D:3      | Paralysed by Grinder for 3 turns
  2026 | D:3      | Killed Grinder
  2027 | D:3      | Reached skill level 1 in Hexes
  2027 | D:3      | Reached skill level 1 in Necromancy
  2027 | D:3      | Reached skill level 1 in Transmutations
  2027 | D:3      | Reached skill level 1 in Fire Magic
  2027 | D:3      | Reached skill level 1 in Ice Magic
  2027 | D:3      | Reached skill level 1 in Air Magic
  2027 | D:3      | Reached skill level 1 in Earth Magic
  2027 | D:3      | Reached skill level 1 in Poison Magic
  2027 | D:3      | Reached XP level 4. HP: 24/33 MP: 3/13
  2027 | D:3      | Reached XP level 5. HP: 28/38 MP: 3/14
  2027 | D:3      | Reached XP level 6. HP: 32/44 MP: 3/16
  2031 | D:3      | Learned a level 3 spell: Conjure Flame
  2035 | D:3      | Learned a level 3 spell: Mephitic Cloud
  2046 | D:3      | Learned a level 1 spell: Shock
  2587 | D:3      | Reached skill level 5 in Dodging
  2814 | D:3      | Learned a level 3 spell: Frozen Ramparts
  3335 | D:4      | Reached XP level 7. HP: 49/50 MP: 5/18
  3793 | D:4      | Noticed Ijyb
  3816 | D:4      | Killed Ijyb
  4033 | D:4      | Learned a level 2 spell: Ensorcelled Hibernation
  4037 | D:4      | Learned a level 3 spell: Vampiric Draining
  4416 | D:4      | Reached skill level 5 in Stealth
  4968 | D:4      | Found Tewisets's Armour Shop.
  5009 | D:4      | Reached XP level 8. HP: 57/57 MP: 5/19
  5210 | D:4      | Found a staircase to the Ecumenical Temple.
  5219 | Temple   | Entered the Ecumenical Temple
  5231 | Temple   | Became a worshipper of Cheibriados the Contemplative
  5447 | D:4      | Learned a level 1 spell: Sting
  5452 | D:4      | Noticed Menkaure
  5457 | D:4      | Killed Menkaure
  5703 | D:5      | Entered Level 5 of the Dungeon
  6270 | D:5      | Reached skill level 8 in Spellcasting
  7081 | D:6      | You fall into a shaft and drop 3 floors!
  7153 | D:7      | Found Kuymarul's Antique Weapon Shoppe.
  7205 | D:7      | Identified the +10 morningstar of Soalikk {venom, rPois
                  | rF+}
  7254 | D:6      | Identified the +1 leather armour "Jemim" {Regen+ Int+2}
  7305 | D:6      | Reached * piety under Cheibriados
  7632 | D:6      | Reached XP level 9. HP: 65/65 MP: 8/21
  8222 | D:6      | Found a sparkling altar of Nemelex Xobeh.
  8644 | D:7      | Reached ** piety under Cheibriados
  8846 | D:7      | Learned a level 4 spell: Hailstorm
  9203 | D:8      | Reached skill level 5 in Invocations
  9210 | D:8      | Noticed Pikel
  9222 | D:8      | Killed Pikel
  9223 | D:8      | Reached XP level 10. HP: 71/73 MP: 2/22
  9598 | D:8      | Reached skill level 5 in Fighting
  9598 | D:8      | Reached skill level 5 in Short Blades
  9598 | D:8      | Reached skill level 5 in Long Blades
  9598 | D:8      | Reached skill level 5 in Axes
  9598 | D:8      | Reached skill level 5 in Maces & Flails
  9598 | D:8      | Reached skill level 5 in Polearms
  9598 | D:8      | Reached skill level 5 in Staves
  9598 | D:8      | Reached skill level 5 in Slings
  9598 | D:8      | Reached skill level 5 in Bows
  9598 | D:8      | Reached skill level 5 in Crossbows
  9598 | D:8      | Reached skill level 5 in Throwing
  9598 | D:8      | Reached skill level 5 in Armour
  9598 | D:8      | Reached skill level 5 in Shields
  9598 | D:8      | Reached skill level 5 in Unarmed Combat
  9598 | D:8      | Reached skill level 5 in Evocations
  9639 | D:8      | Found a shimmering blue altar of Sif Muna.
  9680 | D:8      | Found an opulent altar of Gozag.
 10440 | D:9      | Noticed a two-headed ogre
 10454 | D:9      | Killed a two-headed ogre
 10590 | D:9      | Reached skill level 9 in Spellcasting
 10593 | D:9      | Reached *** piety under Cheibriados
 10604 | D:9      | Reached skill level 5 in Conjurations
 10604 | D:9      | Reached skill level 5 in Summonings
 10604 | D:9      | Reached skill level 5 in Translocations
 11078 | D:9      | Reached **** piety under Cheibriados
 11094 | D:9      | Learned a level 4 spell: Olgreb's Toxic Radiance
 11301 | D:9      | Found a staircase to the Lair.
 11319 | D:10     | Entered Level 10 of the Dungeon
 11319 | D:10     | Noticed Erica
 11325 | D:10     | Killed Erica
 11326 | D:10     | Reached XP level 11. HP: 81/81 MP: 6/24
 11427 | D:10     | Found a staircase to the Orcish Mines.
 11589 | D:10     | Slain by a freezing wraith

Illustrated notes

Levels and vault maps discovered:
D:1:      tarquinn_simple_flora_water_b, layout_rooms
D:2:      layout_loops_cross
D:3:      layout_loops_ring, uniq_grinder
D:4:      layout_layer_cave, minmay_temple_entry_statues_fountains,
          serial_shops, shop_statue, serial_undead, serial_undead_c,
          serial_undead_c, serial_undead_a, serial_undead_d, grunt_ministairs_2,
          uniq_ijyb, uniq_menkaure
D:5:      layout_layer_cave
D:6:      layout_gridville, nemelex_diamond_rough_becter, chequers_jeans
D:7:      layout_loops_corners, serial_shops,
          nicolae_shop_temple_entry_statues_fountains
D:8:      layout_layer_cave, mainiacjoe_overflow_catch_the_wave,
          kennysheep_generic_room_12, uniq_pikel
D:9:      layout_roguey, grunt_lair_entry_orc_guard_hut
D:10:     minmay_tri_box, layout_rooms, orc_david_3, uniq_erica
Temple:   mainiacjoe_temple_bowtie_tessellation

Skill      XL: |  1  2  3  4  5  6  7  8  9 10 |
---------------+-------------------------------+-----
Conjurations   | 2 3 4 5 |  5.4
Summonings     | 2 3 4 5 |  5.4
Translocations | 2 3 4 5 |  5.4
Invocations    | 2 3 4 5 6 |  6.5
Fighting       | 1 2 3 4 5 |  5.9
Short Blades   | 1 2 3 4 5 |  5.9
Long Blades    | 1 2 3 4 5 |  5.9
Axes           | 1 2 3 4 5 |  5.9
Maces & Flails | 1 2 3 4 5 |  5.9
Polearms       | 1 2 3 4 5 |  5.9
Staves         | 1 2 3 4 5 |  5.9
Slings         | 1 2 3 4 5 |  5.9
Bows           | 1 2 3 4 5 |  5.9
Crossbows      | 1 2 3 4 5 |  5.9
Throwing       | 1 2 3 4 5 |  5.9
Armour         | 1 2 3 4 5 |  5.9
Shields        | 1 2 3 4 5 |  5.9
Unarmed Combat | 1 2 3 4 5 |  5.9
Evocations     | 1 2 3 4 5 |  5.9
Hexes          | 1 2 3 4 |  4.9
Necromancy     | 1 2 3 4 |  4.9
Transmutations | 1 2 3 4 |  4.9
Fire Magic     | 1 2 3 4 |  4.9
Ice Magic      | 1 2 3 4 |  4.9
Air Magic      | 1 2 3 4 |  4.9
Earth Magic    | 1 2 3 4 |  4.9
Poison Magic   | 1 2 3 4 |  4.9
Dodging        | 5 6 7 |  7.6
Stealth        | 5 6 7 |  7.3
Spellcasting   | 8 9 |  9.4

Action                   |  1- 3 |  4- 6 |  7- 9 | 10-12 || total
-------------------------+-------+-------+-------+-------++-------
Melee: Dagger            |     4 |       |       |       ||     4
       Unarmed           |       |       |    30 |       ||    30
       Bite              |       |       |     6 |     6 ||    12
       Punch             |       |       |     4 |     1 ||     5
       Morningstar       |       |       |    34 |    70 ||   104
 Cast: Magic Dart        |    91 |    58 |   188 |    21 ||   358
       Call Imp          |     4 |     7 |    16 |     2 ||    29
       Slow              |     3 |     1 |    15 |     5 ||    24
       Blink             |     2 |     3 |     6 |       ||    11
       Shock             |       |     6 |     6 |     5 ||    17
       Frozen Ramparts   |       |     2 |    13 |     5 ||    20
       Conjure Flame     |       |     1 |     3 |       ||     4
       Mephitic Cloud    |       |     1 |     2 |     1 ||     4
       Ensorcelled Hiber |       |       |     2 |     1 ||     3
       Sting             |       |       |    21 |    11 ||    32
       Vampiric Draining |       |       |     4 |     6 ||    10
       Hailstorm         |       |       |     2 |    13 ||    15
       Olgreb's Toxic Ra |       |       |       |     5 ||     5
Evoke: Wand              |       |       |     8 |     8 ||    16
  Use: Scroll            |     4 |     3 |    10 |       ||    17
       Potion            |     2 |       |       |     1 ||     3
 Stab: Sleeping          |       |       |     1 |     3 ||     4
       Distracted        |       |       |     1 |       ||     1
Armor: Robe              |     2 |     9 |    28 |       ||    39
       Leather armour    |       |       |     9 |    37 ||    46
Dodge: Dodged            |     6 |    30 |   110 |    79 ||   225
Block: Other             |       |       |     1 |    23 ||    24
       Reflection        |       |       |       |     3 ||     3

Table legend: (Time is in decaauts)
 A = Elapsed time spent in this place.
 B = Non-inter-level travel time spent in this place.
 C = Inter-level travel time spent in this place.
 D = Time resting spent in this place.
 E = Time spent auto-exploring this place.
 F = Levels seen in this place.
 G = Mean time per level.
                   A        B        C        D        E       F      G
               +--------+--------+--------+--------+--------+-----+--------+
         Total |  13398 |  12710 |    688 |    951 |  10070 |  11 | 1218.0 |
       Dungeon |  13121 |  12463 |    658 |    951 |   9841 |  10 | 1312.1 |
        Temple |    277 |    248 |     29 |      0 |    229 |   1 |  277.0 |
               +--------+--------+--------+--------+--------+-----+--------+

Top non-repeatable levels by time:
     D:4: 2090 daAuts
     D:8: 1698 daAuts
     D:6: 1544 daAuts
     D:3: 1466 daAuts
     D:5: 1419 daAuts
     D:9: 1333 daAuts
     D:7: 1267 daAuts
     D:1: 1181 daAuts
     D:2: 804 daAuts
    D:10: 315 daAuts
  Temple: 277 daAuts
